 Dungeon Crawl Stone Soup version 0.19-a0-231-gae044c8 (webtiles) character file.

116 ololoev the Vexing (level 4, -2/19 HPs)
             Began as a Felid Enchanter on May 24, 2016.
             Slain by an orc wizard
             ... wielding a +0 dagger
              (3 damage)
             ... on level 3 of the Dungeon.
             The game lasted 00:10:46 (4531 turns).

ololoev the Vexing (Felid Enchanter)                Turns: 4531, Time: 00:10:47

Health: -2/19      AC:  1    Str:  4    XL:     4   Next: 70%
Magic:  2/9        EV: 19    Int: 18    God:
Gold:   160        SH:  0    Dex: 16    Spells: 4 memorised, 0 levels left
                                        Lives:  0   Deaths: 1

rFire  . . .     SeeInvis +       - Unarmed
rCold  . . .     Gourm    .     (armour unavailable)
rNeg   . . .     Faith    .     (shield unavailable)
rPois  .         Spirit   .     (helmet unavailable)
rElec  .         Dismiss  .     (cloak unavailable)
rCorr  .         Reflect  .     (gloves unavailable)
SustAt .         Harm     .     (boots unavailable)
MR     .....                    (no amulet)
Stlth  ++++......               (no ring)
                                (no ring)

@: quick, not resistant to hostile enchantments, stealthy
A: no armour, no weapons or thrown items, claws 1, fangs 3, see invisible,
carnivore 3, speed 1, shaggy fur 1, slow metabolism 1, sharp paws
a: no special abilities


Innate Abilities, Weirdness & Mutations

You cannot wear armour.
You are incapable of wielding weapons or throwing items.
You have sharp claws.
You have razor-sharp teeth.
You have supernaturally acute eyesight. (SInv)
You are carnivorous and can eat meat at any time.
You cover ground quickly.
You are covered in fur. (AC +1)
You have a slow metabolism.
Your sharp claws are effective at attacking unaware monsters.

Inventory:

Scrolls
 d - 5 scrolls of identify
 g - 2 scrolls of remove curse {unknown}
 j - a scroll of enchant armour {unknown}
 l - 2 scrolls of fog
 m - a scroll of magic mapping {unknown}
 n - a scroll of immolation {unknown}
 o - 3 scrolls of teleportation {unknown}
 p - 2 scrolls of enchant weapon {unknown}
 r - a scroll of amnesia {unknown}
Potions
 e - a potion of agility {unknown}
 f - a potion of degeneration {unknown}
 i - a potion of heal wounds {unknown}
 q - 2 potions of brilliance {unknown}
 t - 2 potions of cancellation {unknown}
Books
 a - a book of Maledictions

   Spells                             Type                      Level
   a - Corona                         Hexes                        1
   b - Ensorcelled Hibernation        Hexes/Ice                    2
   c - Confuse                        Hexes                        3
   d - Tukima's Dance                 Hexes                        3
   e - Dazzling Spray                 Conjuration/Hexes            3
Comestibles
 b - 2 meat rations
 c - 2 slices of pizza
 k - a beef jerky


   Skills:
 + Level 2.0 Fighting
 + Level 3.7 Dodging
 + Level 4.8 Stealth
 * Level 2.6 Unarmed Combat
 + Level 2.7 Spellcasting
 * Level 5.9 Hexes


You couldn't memorise any spells.
You knew the following spells:

 Your Spells              Type           Power        Failure   Level  Hunger
a - Corona                Hex            ###....      1%          1    None
b - Ensorcelled Hibernat  Hex/Ice        ##....       10%         2    ##.....
c - Confuse               Hex            ###.....     4%          3    ###....
d - Tukima's Dance        Hex            ###.....     4%          3    ###....


You were on level 3 of the Dungeon.
You were not hungry.

You visited 2 branches of the dungeon, and saw 5 of its levels.

You collected 160 gold pieces.

###.# #............##....
#.# #..#######.......#.
###.####..# #......##.
#...).....# #...##.##.
#.#)####..# #...>..##.
#.....###.# #..######.
#.###.###.# #..# #. #.#
#....o#######..# #.
#.###.###@.........######.
#.....###.....##.#.#......
#.....†..>..#.##.#.#.####.
#############........####.
####.#........ #.#..######
#.#..# #....######
###....(...

Notes
Turn   | Place    | Note
--------------------------------------------------------------
     0 | D:1      | ololoev the Felid Enchanter began the quest for the Orb.
     0 | D:1      | Reached XP level 1. HP: 7/7 MP: 4/4
   157 | D:1      | Reached skill level 1 in Fighting
   160 | D:1      | Reached XP level 2. HP: 4/12 MP: 4/6
   207 | D:1      | Learned a level 2 spell: Ensorcelled Hibernation
   757 | D:1      | Reached XP level 3. HP: 11/15 MP: 2/7
  1407 | D:1      | Reached skill level 5 in Hexes
  1550 | D:2      | Found an ancient bone altar of Kikubaaqudgha.
  1615 | D:2      | Learned a level 3 spell: Confuse
  1808 | D:2      | Reached XP level 4. HP: 19/19 MP: 8/8
  2862 | D:3      | Reached XP level 5. HP: 15/22 MP: 9/9
  3260 | D:3      | Found a faded altar to an unknown god.
  3539 | D:3      | Learned a level 3 spell: Tukima's Dance
  3913 | D:4      | Found a staircase to the Ecumenical Temple.
  3929 | Temple   | Entered the Ecumenical Temple
  4267 | D:4      | Noticed Edmund
  4505 | D:3      | HP: 1/22 [orc wizard/puff of flame (10)]
  4506 | D:3      | Killed from afar by an orc wizard
  4507 | D:3      | Reached XP level 4. HP: -5/19 MP: 0/9
  4531 | D:3      | Slain by an orc wizard

Dungeon Overview and Level Annotations

Branches:
Dungeon (4/15)             Temple (1/1) D:4

Altars:
Cheibriados
Fedhas
Gozag
Hepliaklqana
Kikubaaqudgha
Makhleb
Nemelex Xobeh
Okawaru
Ru
Trog
Ukayaw
Vehumet
Xom

Annotations:
D:4 Edmund


Message History

You are very lightly contaminated with residual magic.
Nothing appears to happen.
The orc wizard casts a spell at you. The puff of frost misses you.
The orc wizard gestures at you while chanting.
The puff of flame hits you!
You die...
You are now level 4!
You rejoin the land of the living...
You start waiting.
Casting: Ensorcelled Hibernation
Confirm with . or Enter, or press ? or * to list all spells.
You can't see any susceptible monsters within range! (Use Z to cast anyway.) Unknown command.
The orc wizard shouts!
Casting: Ensorcelled Hibernation
Confirm with . or Enter, or press ? or * to list all spells.
Aiming: Confuse
Press: ? - help, Shift-Dir - straight line, f/p - orc wizard
Aim: an orc wizard, wielding a dagger and wearing a robe (fast, chance to defeat MR: 52%)
The orc wizard resists with significant effort.
The orc wizard gestures at you while chanting.
The puff of frost hits you!
Casting: Confuse
Confirm with . or Enter, or press ? or * to list all spells.
Aiming: Confuse
Press: ? - help, Shift-Dir - straight line, f/p - orc wizard
Aim: an orc wizard, wielding a dagger and wearing a robe (fast, chance to defeat MR: 52%)
The orc wizard resists with significant effort.
The orc wizard misses you.
Casting: Confuse
Confirm with . or Enter, or press ? or * to list all spells.
Aiming: Confuse
Press: ? - help, Shift-Dir - straight line, f/p - orc wizard
Aim: an orc wizard, wielding a dagger and wearing a robe (fast, chance to defeat MR: 52%)
The orc wizard resists with significant effort.
The orc wizard closely misses you. The orc wizard completely misses you.
You scratch the orc wizard but do no damage.
The orc wizard misses you.
You closely miss the orc wizard.
You bite the orc wizard, but do no damage.
The orc wizard closely misses you.
You closely miss the orc wizard. You bite the orc wizard.
The orc wizard is moderately wounded.
The orc wizard misses you. The orc wizard barely misses you.
You barely miss the orc wizard.
The orc wizard is moderately wounded.
The orc wizard misses you.
You closely miss the orc wizard.
The orc wizard is moderately wounded.
The orc wizard hits you with a dagger. The orc wizard barely misses you.
You closely miss the orc wizard.
The orc wizard is moderately wounded.
The orc wizard completely misses you.
You closely miss the orc wizard.
The orc wizard is moderately wounded.
The orc wizard misses you.
You scratch the orc wizard but do no damage.
You claw the orc wizard.
The orc wizard is heavily wounded.
The orc wizard is no longer moving quickly.
The orc wizard casts a spell.
The orc wizard seems to speed up.
The orc wizard hits you with a dagger!
You scratch the orc wizard but do no damage.
The orc wizard is heavily wounded.
The orc wizard barely misses you.
You scratch the orc wizard.
The orc wizard is severely wounded.
The orc wizard misses you.
The orc wizard looks braver for a moment.
You barely miss the orc wizard.
The orc wizard is severely wounded.
The orc wizard closely misses you.
You scratch the orc wizard.
The orc wizard is almost dead.
The orc wizard hits you with a dagger. The orc wizard closely misses you.
You barely miss the orc wizard.
The orc wizard is almost dead.
The orc wizard hits you with a dagger.
You die...

You could see an orc wizard.

Vanquished Creatures
  An orc wizard (D:4)
  8 adders
  An ooze (D:1)
  6 worms
  4 dart slugs
  2 giant geckos
  2 orcs (D:4)
  5 giant cockroaches
  5 goblins
  12 hobgoblins
  11 jackals
  10 kobolds
  A quokka (D:2)
  2 ball pythons
  9 bats
  4 giant newts
  10 rats
93 creatures vanquished.

Action                   |  1- 3 |  4- 6 || total
-------------------------+-------+-------++-------
Melee: Unarmed           |   114 |   142 ||   256
       Bite              |     8 |    13 ||    21
       Punch             |       |     2 ||     2
 Cast: Corona            |     5 |       ||     5
       Ensorcelled Hiber |    26 |    24 ||    50
       Confuse           |       |     9 ||     9
       Tukima's Dance    |       |     2 ||     2
  Use: Potion            |       |     2 ||     2
       Scroll            |       |     1 ||     1
 Stab: Sleeping          |    26 |    30 ||    56
       Confused          |       |     2 ||     2
  Eat: Chunk             |    10 |     8 ||    18
Armor: Skin              |     6 |     8 ||    14
Dodge: Dodged            |    92 |    96 ||   188

Vault maps used:
D:1:      dpeg_arrival_orchard
D:2:      old_standard_altar
D:3:      ecumenical_altar_2
D:4:      first_bread, uniq_pikel, uniq_edmund
Temple:   nicolae_temple_x_marks_the_god
